 Dungeon Crawl Stone Soup version 0.24.0-125-gc4c63601f3 (webtiles) character file.

Game seed: 12910923854806080977, levelgen mode: deterministic

74 Martska the Skirmisher (level 4, -8/37 HPs)
             Began as a Demonspawn Fighter on Feb 23, 2020.
             Killed by divine providence
             ... invoked by an orc priest
              (13 damage)
             ... on level 3 of the Dungeon.
             The game lasted 00:07:10 (2540 turns).

Martska the Skirmisher (Demonspawn Fighter)         Turns: 2540, Time: 00:07:10

Health: -8/37      AC:  6    Str: 17    XL:     4   Next: 9%
Magic:  4/4        EV:  6    Int:  9    God:
Gold:   101        SH:  8    Dex: 13    Spells: 3/3 levels left

rFire    . . .     SeeInvis .     - Unarmed
rCold    . . .     Gourm    .   b - +0 shield
rNeg     . . .     Faith    .   a - +0 scale mail
rPois    +         Spirit   .   (no helmet)
rElec    .         Reflect  .   (no cloak)
rCorr    .         Harm     .   (no gloves)
MR       .....                  (no boots)
Stlth    ..........             (no amulet)
HPRegen  0.12/turn              o - ring of poison resistance
MPRegen  0.09/turn              (no ring)

@: drained
A: claws 1, powered by death 1
a: no special abilities


You were on level 3 of the Dungeon.
You were hungry.

You visited 1 branch of the dungeon, and saw 3 of its levels.

You collected 101 gold pieces.

Inventory:

Hand Weapons
 j - a +0 short sword
Armour
 a - a +0 scale mail (worn)
 b - a +0 shield (worn)
Jewellery
 o - a ring of poison resistance (left claw)
Wands
 p - a wand of random effects (21)
Scrolls
 g - 2 scrolls of teleportation
 h - a scroll of enchant armour {unknown}
 k - a scroll of blinking {unknown}
 m - 2 scrolls of remove curse {unknown}
 r - a scroll of amnesia {unknown}
Potions
 c - 3 potions of might
 f - a potion of curing
 i - a potion of magic {unknown}
 l - 2 potions of haste
 n - a potion of cancellation {unknown}
Comestibles
 d - 4 rations


   Skills:
 * Level 3.7(3.0) Fighting
 + Level 3.0(2.3) Armour
 + Level 3.0(2.3) Shields
 * Level 2.7(2.0) Unarmed Combat
 + Level 0.0 Evocations


You had 3 spell levels left.
You didn't know any spells.
Your spell library was empty.

Dungeon Overview and Level Annotations

Branches:
Dungeon (3/15)

Altars:
Elyvilon
Makhleb
Qazlal
Trog


Innate Abilities, Weirdness & Mutations

You have sharp fingernails.
You regenerate a little health from kills.


Message History

The orc wizard hits you with a +0 dagger.
* * * LOW HITPOINT WARNING * * *
You block the orc priest's attack.
The orc wizard hits you but does no damage.
You closely miss the orc priest.
The orc priest is severely wounded.
The orc priest barely misses you. You block the orc wizard's attack.
You barely miss the orc priest.
The orc priest is severely wounded.
The orc priest mumbles some strange prayers to Beogh against you.
Pain shoots through your body!
* * * LOW HITPOINT WARNING * * *
The orc wizard hits you but does no damage.
You scratch the orc priest but do no damage.
The orc priest is severely wounded.
You block the orc priest's attack.
The orc wizard hits you but does no damage.
The orc priest mumbles some strange prayers to Beogh against you.
Beogh smites you!
You die...

.# #### .. ..#
.# # #.##.#.#
##<.>...#
###.@...### #
#.....###
..##..#oo#
.........##
..........#####
.......).......
........(......
#########...!..
.#####


You could see an orc priest and an orc wizard.

Vanquished Creatures
  An adder (D:2)
  2 worms (D:2)
  2 dart slugs (D:1)
  A leopard gecko (D:1)
  An orc (D:3)
  7 bats
  4 giant cockroaches
  5 goblins
  4 hobgoblins (D:1)
  6 jackals
  A quokka (D:2)
  8 kobolds
  6 rats
48 creatures vanquished.

Notes
Turn   | Place    | Note
-------+----------+-------------------------------------------
     0 | D:1      | Martska the Demonspawn Fighter began the quest for the Orb.
     0 | D:1      | Reached XP level 1. HP: 18/18 MP: 1/1
    83 | D:1      | Gained mutation: You regenerate a little health from kills.
                  | [demonic ancestry]
    83 | D:1      | Reached XP level 2. HP: 8/24 MP: 2/2
   560 | D:1      | Reached XP level 3. HP: 29/29 MP: 3/3
  1973 | D:2      | Found a white marble altar of Elyvilon.
  1973 | D:2      | Found a stormy altar of Qazlal.
  1978 | D:2      | Found a faded altar of an unknown god.
  1980 | D:2      | Found a faded altar of an unknown god.
  1982 | D:2      | Found a bloodstained altar of Trog.
  2175 | D:2      | Found a burning altar of Makhleb.
  2230 | D:2      | Gained mutation: You have sharp fingernails. [demonic
                  | ancestry]
  2230 | D:2      | Reached XP level 4. HP: 28/37 MP: 4/4
  2540 | D:3      | Killed from afar by an orc priest

Levels and vault maps discovered:
D:1:      dpeg_arrival_stone_temple_mockup, layout_rooms, st_stairs_13
D:2:      layout_loops_ring, chequers_temple_overflow_minitemple,
          lemuel_altar_in_water
D:3:      layout_rooms, overflow_temple_1_default,
          lemuel_coloured_pillars_altar, grunt_temple_overflow_open,
          minmay_tree_intersection, elyvilon_altar_1

Skill      XL: |  1  2  3 |
---------------+----------+-----
Unarmed Combat | 2 |  2.7
Armour         | 3 |  3.0
Shields        | 3 |  3.0
Fighting       | |  3.7

Action                   |  1- 3 |  4- 6 || total
-------------------------+-------+-------++-------
Melee: Unarmed           |   259 |    22 ||   281
  Use: Scroll            |       |     3 ||     3
  Eat: Chunk             |     3 |     2 ||     5
Armor: Scale mail        |   130 |    16 ||   146
Dodge: Dodged            |    79 |     9 ||    88
Block: Shield            |   155 |    18 ||   173
